 Dungeon Crawl Stone Soup version 0.30.0-29-ga12c61a403 (webtiles) character file.

Game seed: 16392175776996863889

308 qw the Chopper (level 6, -2/38 HPs)
             Began as a Gargoyle Fighter on June 3, 2023.
             Slain by a wight
             ... wielding a +0 morningstar
              (6 damage)
             ... on level 4 of the Dungeon.
             The game lasted 00:01:29 (2986 turns).

qw the Chopper (Gargoyle Fighter)                   Turns: 2986, Time: 00:01:29

Health: -2/38      AC: 13    Str: 22    XL:     6   Next: 40%
Magic:  6/6        EV:  8    Int:  8    God:
Gold:   179        SH:  4    Dex:  9    Spells: 5/5 levels left

rFire   . . .        Y - +0 war axe
rCold   + . .        c - +0 buckler
rNeg    + . .        k - +0 chain mail
rPois   inf          (no helmet)
rElec   +            (no cloak)
rCorr   .            (no gloves)
SInv    +            (no boots)
Will    .....        j - amulet of the acrobat Stlth
                     g - ring of see invisible
HPRegen 0.26/turn    i - ring of protection from cold
MPRegen 0.10/turn

%: acrobat
@: no status effects
A: sickness immunity, AC +4, negative energy resistance 1, electricity
resistance, torment resistance 1, petrification resistance
a: no special abilities


You were on level 4 of the Dungeon.
You visited 1 branch of the dungeon, and saw 4 of its levels.
You also visited: Sewer.

You collected 179 gold pieces.


Innate Abilities, Weirdness & Mutations

You are immune to sickness and miasma.
Your stone body is resilient. (AC +4)
You are immune to poison.
You resist negative energy. (rN+)
You are resistant to electric shocks. (rElec)
You are resistant to unholy torment.
You are immune to petrification.


   Skills:
 - Level 4.0 Fighting
 + Level 5.7 Axes
 - Level 3.2 Armour
 - Level 3.2 Shields


You had 5 spell levels left.
You didn't know any spells.
Your spell library was empty.

Inventory:

Hand Weapons
 b - a +2 flail of protection
 Y - a +0 war axe (weapon)
Armour
 c - a +0 buckler (worn)
 k - a +0 chain mail (worn)
Jewellery
 g - a ring of see invisible (left hand)
 i - a ring of protection from cold (right hand)
 j - an amulet of the acrobat (around neck)
Scrolls
 a - 4 scrolls of identify
Potions
 d - 2 potions of might
 e - a potion of curing {unknown}
 f - a potion of magic {unknown}
 l - a potion of flight {unknown}
 n - a potion of brilliance {unknown}

Dungeon Overview and Level Annotations

Branches:
Dungeon (4/15)              Sewer (visited)
 Temple: D:4-7

Altars:
Hepliaklqana
Makhleb
Ru

Annotations:
D:3 2 runed translucent doors, qw's ghost, amateur GrFi


Message History

The hobgoblin closely misses you.
You closely miss the hobgoblin.
The hobgoblin is moderately wounded.
The wight completely misses you.
The hobgoblin hits you but does no damage.
You hit the hobgoblin.
You kill the hobgoblin!
The wight hits you but does no damage. The wight barely misses you.
You closely miss the wight. The wight closely misses you.
The wight hits you but does no damage.
You slash the wight!
The wight is moderately damaged.
The wight hits you but does no damage.
You hit the wight but do no damage.
The wight is moderately damaged.
The wight barely misses you.
You hit the wight but do no damage.
The wight is moderately damaged.
The wight hits you with a +0 spear.
You barely miss the wight.
The wight is moderately damaged.
The wight hits you but does no damage. The wight hits you with a +0 spear.
You hit the wight.
The wight is heavily damaged.
The wight hits you with a +0 spear!
You hit the wight.
The wight is severely damaged.
The wight hits you with a +0 spear!
You barely miss the wight.
The wight is severely damaged.
You slash the wight!
The wight hits you with a +0 morningstar!
The wight hits you with a +0 spear.
You slash the wight!
You destroy the wight!
You barely miss the wight. You block the wight's attack.
The wight hits you with a +0 morningstar.
You die...

#.....# #.....#
#.....###### #
#..........# #
#..........# #
#..........+ #
#........z.#
#########.......@).#
#.....#...>..#####......
......#......## .....
...)..#.......## ....
......#........# ...
......#.....##.# ..
#...###.....#.## .
#...#.....#'#..#
....#.....#.#.##


You could see a wight.

Vanquished Creatures
  Pargi (Sewer)
  A scorpion (D:4)
  A wight (D:4)
  Terence (D:3)
  A sleepcap (D:4)
  A gnoll (D:1)
  3 adders
  A worm (D:3)
  2 dart slugs
  2 orcs
  4 endoplasms
  7 giant cockroaches
  3 goblins
  9 hobgoblins
  4 quokkas
  3 ball pythons (D:1)
  5 bats
  A frilled lizard (D:1)
  6 kobolds
  3 rats
  A spectral hobgoblin (D:4)
60 creatures vanquished.

Notes
Turn   | Place    | Note
-------+----------+-------------------------------------------
     0 | D:1      | qw the Gargoyle Fighter began the quest for the Orb.
     0 | D:1      | Reached XP level 1. HP: 14/14 MP: 1/1
     0 | D:1      | 0 ||| qw: Version: 0.2-a-103-g5a998e5
     0 | D:1      | 0 ||| qw: Game counter: 1035
     0 | D:1      | 0 ||| qw: Always use a shield: true
     0 | D:1      | 0 ||| qw: God list: Okawaru
     0 | D:1      | 0 ||| qw: Allow faded altars: false
     0 | D:1      | 0 ||| qw: Do Orc after D:15 true
     0 | D:1      | 0 ||| qw: Do second Lair branch before Depths: true
     0 | D:1      | 0 ||| qw: Lair rune preference: random
     0 | D:1      | 0 ||| qw: Plans: Normal, Zot:1-4, Slime:5, God:TSO, Crypt,
                  | Tomb, Pan, Hells, Abyss, Win
     0 | D:1      | 0 ||| PLANNING D:1-11
    36 | D:1      | Reached skill level 2 in Axes
   173 | D:1      | Reached XP level 2. HP: 19/19 MP: 2/2
   568 | D:1      | Reached skill level 3 in Axes
   583 | D:1      | 583 ||| DROPPING +0 club.
   598 | D:1      | Reached XP level 3. HP: 18/23 MP: 3/3
   978 | D:1      | 978 ||| DROPPING amulet of magic regeneration.
   979 | D:1      | 979 ||| UPGRADING to ring of see invisible.
   980 | D:1      | 980 ||| READING scroll labelled AXAPHUWNAA.
  1206 | D:2      | 1206 ||| Stepping ~*~*~tactically~*~*~ (hiding).
  1230 | D:2      | 1230 ||| FLEEEEING.
  1231 | D:2      | 1231 ||| FLEEEEING.
  1237 | D:2      | 1237 ||| FLEEEEING.
  1238 | D:2      | 1238 ||| FLEEEEING.
  1239 | D:2      | 1239 ||| FLEEEEING.
  1240 | D:2      | 1240 ||| FLEEEEING.
  1241 | D:2      | 1241 ||| FLEEEEING.
  1242 | D:2      | 1242 ||| FLEEEEING.
  1243 | D:2      | 1243 ||| FLEEEEING.
  1244 | D:2      | 1244 ||| FLEEEEING.
  1245 | D:2      | 1245 ||| FLEEEEING.
  1246 | D:2      | 1246 ||| FLEEEEING.
  1247 | D:2      | 1247 ||| FLEEEEING.
  1248 | D:2      | 1248 ||| FLEEEEING.
  1249 | D:2      | 1249 ||| FLEEEEING.
  1250 | D:2      | 1250 ||| FLEEEEING.
  1393 | D:2      | Found a faded altar of an unknown god.
  1517 | D:2      | 1517 ||| UPGRADING to amulet of the acrobat.
  1522 | D:2      | 1522 ||| UPGRADING to ring of protection from cold.
  1523 | D:2      | 1523 ||| READING scroll labelled ANYRPH OROA.
  1524 | D:2      | 1524 ||| READING scroll labelled KYERCH UDOSK.
  1559 | D:3      | 1559 ||| PLANNING SEWER
  1575 | D:3      | Found a runed translucent door.
  1695 | D:3      | Found a runed translucent door.
  1725 | D:3      | Reached XP level 4. HP: 26/28 MP: 4/4
  1795 | D:3      | Found a glowing drain.
  1798 | D:3      | 1798 ||| DROPPING scarf of shadows.
  1799 | D:3      | 1799 ||| READING scroll labelled VAFUBU SUUXT.
  1800 | D:3      | 1800 ||| READING scroll labelled ZANUVVO NUJEMN.
  1808 | Sewer    | Entered a sewer
  1847 | Sewer    | Noticed Pargi
  1866 | Sewer    | Killed Pargi
  1867 | Sewer    | Reached skill level 4 in Axes
  1867 | Sewer    | Reached XP level 5. HP: 13/32 MP: 5/5
  1953 | Sewer    | Reached skill level 5 in Axes
  2020 | Sewer    | 2020 ||| UPGRADING to +0 chain mail.
  2030 | Sewer    | 2030 ||| DROPPING +0 scale mail.
  2044 | D:3      | 2044 ||| PLANNING D:1-11
  2066 | D:3      | Noticed qw's ghost (amateur GrFi)
  2069 | D:3      | 2069 ||| DROPPING +0 whip.
  2071 | D:3      | 2071 ||| Stepping ~*~*~tactically~*~*~ (hiding).
  2074 | D:3      | 2074 ||| Stepping ~*~*~tactically~*~*~ (hiding).
  2346 | D:3      | Found a burning altar of Makhleb.
  2528 | D:3      | Noticed Terence
  2543 | D:3      | Killed Terence
  2638 | D:3      | 2638 ||| READING scroll labelled DON EZUCUZ YNI.
  2639 | D:3      | 2639 ||| READING scroll labelled SUIPLU IGES.
  2643 | D:3      | 2643 ||| READING scroll labelled DINOUTUF ELLA.
  2663 | D:4      | 2663 ||| Stepping ~*~*~tactically~*~*~ (stealth).
  2708 | D:4      | Reached XP level 6. HP: 33/38 MP: 6/6
  2743 | D:4      | 2743 ||| Stepping ~*~*~tactically~*~*~ (hiding).
  2852 | D:4      | Found a hazy altar of Hepliaklqana.
  2917 | D:4      | 2917 ||| Stepping ~*~*~tactically~*~*~ (stealth).
  2921 | D:4      | 2921 ||| Stepping ~*~*~tactically~*~*~ (stealth).
  2949 | D:4      | Found a sacrificial altar of Ru.
  2968 | D:4      | 2968 ||| Stepping ~*~*~tactically~*~*~ (hiding).
  2970 | D:4      | 2970 ||| Stepping ~*~*~tactically~*~*~ (stealth).
  2985 | D:4      | HP: 7/38 [wight/+0 morningstar (13)]
  2986 | D:4      | Slain by a wight

Levels and vault maps discovered:
D:1:      scummos_arrival_simple_crosswalls, layout_loops_corners
D:2:      layout_basic, basic_ecumenical_altar, nicolae_half_adder
D:3:      layout_basic, lightli_temple_of_fire, ebering_ghost_sewer_f,
          portal_sewer_entry_f, uniq_terence
D:4:      layout_gridville, nicolae_hepliaklqana_monster_ancestors,
          nicolae_ru_the_path_less_chosen, uniq_duvessa

Skill      XL: |  1  2  3  4  5 |
---------------+----------------+-----
Axes           | 2 3 4 5 |  5.7
Fighting       | 4 |  4.0
Armour         | |  3.2
Shields        | |  3.2

Action                     |  1- 3 |  4- 6 || total
---------------------------+-------+-------++-------
  Melee: War axe           |   103 |   128 ||   231
    Use: Scroll            |     3 |     5 ||     8
 Armour: Scale mail        |    66 |    45 ||   111
         Chain mail        |       |    44 ||    44
  Dodge: Dodged            |    39 |    58 ||    97
  Block: Buckler           |    20 |    32 ||    52

Table legend:
 A = Non-vault XP
 B = Vault XP
 C = Vault XP percentage of total XP
 D = Non-vault monster count
 E = Vault monster count
 F = Vault count percentage of total count
                 A         B        C        D         E       F
            +---------+---------+-------+---------+---------+-------
      Total |     301 |     218 |  42.0 |      43 |      17 |  28.3
            +---------+---------+-------+---------+---------+-------
        D:1 |      36 |       0 |   0.0 |      14 |       0 |   0.0
        D:2 |      12 |      26 |  68.4 |       8 |       2 |  20.0
        D:3 |      22 |      48 |  68.6 |       9 |       6 |  40.0
        D:4 |     231 |       3 |   1.3 |      12 |       2 |  14.3
      Sewer |       0 |     141 | 100.0 |       0 |       7 | 100.0
            +---------+---------+-------+---------+---------+-------
